 Dungeon Crawl Stone Soup version 0.28-a0-511-gcc94558de3 (webtiles) character file.

Game seed: 14624276341032717669

1626 jasper the Cleaver (level 8, 0/58 HPs)
             Began as a Demonspawn Cinder Acolyte on Sept 22, 2021.
             Was a Priest of Ignis.
             Slain by a skeletal warrior (3 damage)
             ... led by a death knight
             ... on level 6 of the Dungeon.
             The game lasted 00:09:35 (5589 turns).

jasper the Cleaver (Demonspawn Cinder Acolyte)      Turns: 5589, Time: 00:09:35

Health: 0/58       AC: 10    Str: 23    XL:     8   Next: 65%
Magic:  9/9        EV:  9    Int: 13    God:    Ignis [***...]
Gold:   283        SH:  0    Dex: 10    Spells: 1/9 levels left

rFire   + . .      SeeInvis .   a - +0 hand axe (flame)
rCold   . . .      Faith    .   (no shield)
rNeg    . . .      Spirit   .   k - +0 scale mail
rPois   .          Reflect  .   (helmet unavailable)
rElec   .          Harm     .   f - +2 cloak
rCorr   .          Rampage  +   (no gloves)
Will    ++...      Rage     50% j - +0 pair of boots {rampage}
Stlth   +.........              u - necklace of Bloodlust {*Rage Will++ Int-3 Slay+6}
HPRegen 0.19/turn               v - +6 ring of strength
MPRegen 0.11/turn               (no ring)

@: on berserk cooldown, rising, flying, slowed, very slow
A: horns 3, thin skeletal structure 1
a: Renounce Religion, Sea of Fire, Foxfire Swarm, Rising Flame


You were on level 6 of the Dungeon.
You worshipped Ignis.
Ignis was most pleased with you.
You visited 1 branch of the dungeon, and saw 6 of its levels.

You collected 283 gold pieces.

Inventory:

Hand Weapons
 a - a +0 hand axe of flaming (weapon)
 o - a +0 hunting sling
Missiles
 d - 136 stones (quivered)
 s - 10 sling bullets
 y - 6 poisoned darts
Armour
 b - a +0 robe
 f - a +2 cloak (worn)
 g - a +0 leather armour
 j - a +0 pair of boots of rampaging (worn)
 k - a +0 scale mail (worn)
Jewellery
 c - an amulet of magic regeneration
 n - an amulet of regeneration
 t - a ring of protection from fire
 u - the necklace of Bloodlust (around neck) {*Rage Will++ Int-3 Slay+6}
   (You found it on level 4 of the Dungeon)

   [amulet of nothing]

   It extends the wearer's berserk rage when killing foes.
   Int:       It affects your intelligence (-3).
   Slay:      It affects your accuracy & damage with ranged weapons and melee
   (+6).
   *Rage:     It lets you go berserk by making a melee attack (+50% chance).
   Will:      It greatly increases your willpower.
 v - a +6 ring of strength (left hand)
Wands
 B - a wand of flame (13)
Scrolls
 h - a scroll of enchant armour
 m - a scroll of amnesia
 p - a scroll of noise
 w - a scroll of identify
Potions
 e - a potion of flight
 i - a potion of attraction
 l - 2 potions of might
 r - a potion of lignification
 x - a potion of invisibility {unknown}
 z - a potion of curing {unknown}
 A - 2 potions of haste {unknown}


   Skills:
 - Level 3.0 Fighting
 + Level 10.5 Axes
 - Level 1.0 Spellcasting
 - Level 2.6 Fire Magic


You had one spell level left.
You knew the following spells:

 Your Spells              Type           Power      Damage    Failure   Level
a - Scorch                Fire           14%        2d6       36%         2
b - Frozen Ramparts       Ice            0%         1d2       92%         3
c - Portal Projectile     Hex/Tloc       0%         N/A       92%         3

Your spell library contained the following spells:

 Spells                   Type           Power      Damage    Failure   Level
 Freeze                   Ice            0%         1d3       58%         1
 Call Canine Familiar     Summ           0%         N/A       92%         3
 Animate Armour           Summ/Erth      0%         N/A       100%        4
 Hailstorm                Conj/Ice       0%         3d3       100%        4
 Ice Form                 Ice/Tmut       0%         N/A       100%        4
 Leda's Liquefaction      Hex/Erth       0%         N/A       100%        4
 Summon Ice Beast         Ice/Summ       0%         N/A       100%        4
 Storm Form               Tmut/Air       0%         N/A       100%        7
 Necromutation            Tmut/Necr      0%         N/A       100%        8


Dungeon Overview and Level Annotations

Branches:
Dungeon (6/15)             Temple (0/1) D:6

Altars:
Trog

Shops:
D:4 (


Innate Abilities, Weirdness & Mutations

You have a pair of large horns on your head.
You have a somewhat thin skeletal structure. (Dex +2, Stealth+)


Message History

The wraith is moderately damaged.
The wraith hits you but does no damage.
Okay, then.
As you read the scroll labelled JALLOA VACITS, it crumbles to dust.
It is a scroll of enchant weapon.
Your -1 hand axe of flaming glows red for a moment.
The wraith hits you but does no damage.
The death knight calls down the wrath of Yredelemnul upon you.
You resist with almost no effort.
Okay, then.
Okay, then.
The wraith completely misses you.
The death knight hits you with a +0 broad axe!!
You take 28 damage, and have 24/58 hp.
MASSIVE DAMAGE!!
Okay, then.
Throw: 137 stones
Press: ? - help, Q - select action, (/) - cycle Shift-Dir - straight line, f - death knight
Aim: a death knight, wielding a +0 broad axe and wearing a +0 plate armour (68% to hit)
You throw a stone.
The stone closely misses the death knight.
The stone hits the skeletal warrior.
The skeletal warrior is lightly damaged.
The wraith barely misses you.
The death knight invokes the aid of Yredelemnul against you.
Your body is wracked with pain!
* * * LOW HITPOINT WARNING * * *
The wraith hits you!
* * * LOW HITPOINT WARNING * * *
You take 22 damage, and have 2/58 hp.
MASSIVE DAMAGE!!
Throw: throwing net
Press: ? - help, Q - select action, (/) - cycle Shift-Dir - straight line, f/p - death knight
Aim: a death knight, wielding a +0 broad axe and wearing a +0 plate armour (68% to hit)
You throw a throwing net. The throwing net hits the death knight.
The death knight is caught in the net!
The death knight struggles against the net.
The wraith hits you but does no damage.
The death knight struggles against the net.
You begin to rise into the air.
The skeletal warrior hits you with a +0 flail.
You die...

###.# #.# .... #.....
#####...###.#.....# #..#.#
.........)..'....>#####.....
#.#.....####..... #..'.....
#!#.#.).(((..# #.##.....
#..........(.# #.#######
#.#.#......(.# #.#
#..........(.####'####
##..#..z@....##...<..#
#.###.pW....##......# ...
#.......##......#### ....
.(.......##......'...
..........#######......####
........... #......###
......... #........##
..#.#.#.. ########..#
.........# ##....#.#


You could see a death knight (caught), a skeletal warrior and a wraith.

Vanquished Creatures
  A wraith (D:6)
  Eustachio (D:5)
  An ice beast (D:4)
  An ogre (D:5)
  A centaur (D:4)
  A phantom (D:3)
  4 scorpions
  A gnoll sergeant (D:5)
  3 wights (D:6)
  3 bullfrog zombies
  A howler monkey (D:4)
  5 hounds
  A jelly (D:4)
  3 iguanas
  5 gnolls
  3 adders
  A white imp (D:6)
  An ufetubus (D:4)
  2 adder skeletons (D:4)
  2 worms
  7 dart slugs
  4 orcs
  17 ball pythons
  11 endoplasms
  5 giant cockroaches
  8 goblins
  5 hobgoblins
  6 kobolds
  5 quokkas
  3 bats
  2 frilled lizards
  4 rats
  A spectral kobold (D:1)
119 creatures vanquished.

Vanquished Creatures (others)
  46 foxfires
46 creatures vanquished.

Grand Total: 165 creatures vanquished

Notes
Turn   | Place    | Note
-------+----------+-------------------------------------------
     0 | D:1      | jasper the Demonspawn Cinder Acolyte began the quest for
                  | the Orb.
     0 | D:1      | Reached XP level 1. HP: 18/18 MP: 2/2
   105 | D:1      | Reached skill level 3 in Axes
   543 | D:1      | Found a faded altar of an unknown god.
   552 | D:1      | Gained mutation: You have a pair of small horns on your
                  | head. [demonic ancestry]
   552 | D:1      | Reached XP level 2. HP: 24/24 MP: 3/3
   947 | D:1      | Learned a level 2 spell: Scorch
  1005 | D:1      | Reached XP level 3. HP: 29/29 MP: 4/4
  1397 | D:1      | Reached skill level 4 in Axes
  2373 | D:2      | Gained mutation: You have a pair of horns on your head.
                  | [demonic ancestry]
  2373 | D:2      | Reached XP level 4. HP: 35/35 MP: 5/5
  2596 | D:3      | Noticed a phantom
  2605 | D:3      | Killed a phantom
  2606 | D:3      | Reached skill level 5 in Axes
  2606 | D:3      | Gained mutation: You have a pair of large horns on your
                  | head. [demonic ancestry]
  2606 | D:3      | Reached XP level 5. HP: 41/41 MP: 6/6
  2617 | D:3      | Learned a level 3 spell: Frozen Ramparts
  3416 | D:3      | Identified a scroll of acquirement
  3416 | D:3      | Acquired a +0 pair of boots of rampaging
  3478 | D:4      | Found Esihuz's Antique Weapon Shop.
  3570 | D:4      | Found the necklace of Bloodlust {*Rage Will++ Int-3 Slay+6}
  3685 | D:4      | Reached skill level 6 in Axes
  3695 | D:4      | Reached XP level 6. HP: 41/47 MP: 7/7
  4105 | D:4      | Reached skill level 7 in Axes
  4168 | D:4      | Noticed an ice beast
  4171 | D:4      | Killed an ice beast
  4172 | D:4      | Reached XP level 7. HP: 52/52 MP: 8/8
  4263 | D:4      | Learned a level 3 spell: Portal Projectile
  4292 | D:5      | Entered Level 5 of the Dungeon
  4317 | D:5      | Reached skill level 8 in Axes
  4360 | D:5      | Got the Volume of Ashen Moulding
  4373 | D:5      | Noticed Eustachio
  4382 | D:5      | Killed Eustachio
  4672 | D:5      | Found a bloodstained altar of Trog.
  4974 | D:5      | Reached skill level 9 in Axes
  4974 | D:5      | Gained mutation: You have a somewhat thin skeletal
                  | structure. (Dex +2, Stealth+) [demonic ancestry]
  4974 | D:5      | Reached XP level 8. HP: 44/58 MP: 9/9
  5441 | D:6      | Found a staircase to the Ecumenical Temple.
  5571 | D:6      | Reached skill level 10 in Axes
  5582 | D:6      | Noticed a death knight
  5583 | D:6      | Noticed a skeletal warrior
  5587 | D:6      | HP: 2/58 [wraith[a death knight] (11)]
  5589 | D:6      | Slain by a skeletal warrior

Illustrated notes

Levels and vault maps discovered:
D:1:      amcnicky_arrival_abandoned_market, layout_loops_ring,
          dreamdust_ecumenical_altar_drowned_temple, corexii_leaking_fountain
D:2:      layout_rooms, minmay_misc_feat_rows, kennysheep_nub,
          minmay_tetromino_s2
D:3:      layout_loops_ring, kennysheep_cluttered_room, minmay_misc_feat_tower
D:4:      minmay_bubble_buster, layout_basic, serial_shops, shop_statue
D:5:      layout_basic, kennysheep_little_box, serial_corexii_hall,
          chequers_hall_statues_corner_a, corexii_hall_statues_u,
          lightli_minifort, uniq_eustachio
D:6:      layout_basic, minmay_temple_entry_wispy, serial_glass,
          glass_columns_b, glass_columns_a, glass_columns_a, glass_columns_a,
          glass_columns_b, glass_columns_a, minmay_unpleasant_kobolds

Skill      XL: |  1  2  3  4  5  6  7  8 |
---------------+-------------------------+-----
Axes           | 3 4 5 6 7 9 10 | 10.5
Fighting       | |  3.0
Spellcasting   | |  1.0
Fire Magic     | |  2.6

Action                   |  1- 3 |  4- 6 |  7- 9 || total
-------------------------+-------+-------+-------++-------
Melee: Hand axe          |   130 |    57 |    28 ||   215
       Headbutt          |    14 |     8 |     4 ||    26
 Fire: Hunting sling     |       |    59 |    67 ||   126
Throw: Stone             |     4 |    10 |     2 ||    16
       Throwing net      |       |       |     1 ||     1
Invok: Foxfire Swarm     |     2 |     1 |       ||     3
       Rising Flame      |       |       |     1 ||     1
Evoke: Wand              |       |     1 |       ||     1
  Use: Scroll            |     5 |     5 |     5 ||    15
Armor: Robe              |     7 |       |       ||     7
       Leather armour    |    20 |       |       ||    20
       Scale mail        |     5 |    23 |    22 ||    50
Dodge: Dodged            |    70 |    26 |    21 ||   117

Table legend: (Time is in decaauts)
 A = Elapsed time spent in this place.
 B = Non-inter-level travel time spent in this place.
 C = Inter-level travel time spent in this place.
 D = Time resting spent in this place.
 E = Time spent auto-exploring this place.
 F = Levels seen in this place.
 G = Mean time per level.
                   A        B        C        D        E       F      G
               +--------+--------+--------+--------+--------+-----+--------+
         Total |   5691 |   5434 |    257 |    814 |   3548 |   6 |  948.5 |
       Dungeon |   5691 |   5434 |    257 |    814 |   3548 |   6 |  948.5 |
               +--------+--------+--------+--------+--------+-----+--------+

Top non-repeatable levels by time:
     D:1: 1727 daAuts
     D:5: 1055 daAuts
     D:3: 946 daAuts
     D:4: 862 daAuts
     D:2: 833 daAuts
     D:6: 267 daAuts
